Cogmind - Beta 10.2 @@@ ROGUE MODE // 2021.09.10 @ 09:02:13 Player: Finestep Result: Destroyed by G-47 Trooper with Particle Gun Performance ------------- Evolutions (3) 1500 Regions Visited (12) 2400 Robots Destroyed (193) 965 Value Destroyed (6202) 6202 Prototype IDs (8) 160 Alien Tech Used (0) 0 Bonus (3321) 3321 TOTAL SCORE: 14548 Bonus ------- High Alert Combat Kills 1023 Follower Combat Kills 198 Entered Garrisons 600 Used RIF Installer 1500 Cogmind --------- Core Integrity 0/700 Matter 230/300 Energy 480/480 System Corruption 11% Temperature Cool (9) Movement Rolling (130) Ox4 Location -7/Garrison Parts ------- > --- POWER (2) -------- Improved Deuterium Engine Improved Deuterium Engine > --- PROPULSION (3) --- Light Treads Armored Wheel Armored Wheel > --- UTILITY (6) ------ Large Storage Unit Large Storage Unit High-capacity Storage Unit Improved Medium Armor Plating Medium Reactive Plating Relay Coupler [Grunt] (26) > --- WEAPON (2) ------- Remote Datajack > --- INVENTORY (24) --- Light Treads Combat Airjet Combat Airjet Improved Heat Sink Large Storage Unit High-capacity Battery (400) Experimental Sensor Array Advanced Signal Interpreter Improved Melee Analysis Suite Improved Melee Analysis Suite Utility Shielding Improved Light Armor Plating Medium Reactive Plating Relay Coupler [NC] (29) Relay Coupler [Grunt] (31) Relay Coupler [Sentry] (26) Relay Coupler [Sentry] (26) Relay Coupler [Hunter] (19) Heavy Ion Cannon Heavy Rocket Launcher Greatsword Peak State ------------ > --- POWER ------------ Light Nuclear Core Improved Deuterium Engine > --- PROPULSION ------- Medium Treads Armored Wheel Armored Wheel > --- UTILITY ---------- Large Storage Unit Large Storage Unit High-capacity Storage Unit Improved Medium Armor Plating Relay Coupler [Grunt] Relay Coupler [Sentry] > --- WEAPON ----------- Heavy Ion Cannon Heavy Ion Cannon > --- INVENTORY -------- Combat Airjet Combat Airjet Improved Heat Sink Large Storage Unit High-capacity Battery Experimental Sensor Array Advanced Signal Interpreter Improved Melee Analysis Suite Improved Melee Analysis Suite Utility Shielding Medium Reactive Plating Medium Reactive Plating Relay Coupler [NC] Relay Coupler [Grunt] Relay Coupler [Grunt] Relay Coupler [Sentry] Relay Coupler [Sentry] Relay Coupler [Sentry] Relay Coupler [Hunter] EMP Blaster Heavy Rocket Launcher Remote Datajack Greatsword [Rating: 45] Favorites ----------- Power Cooled Ion Engine Engine Cooled Ion Engine Power Core Light Nuclear Core Propulsion Light Treads Treads Light Treads Leg Aluminum Leg Wheel Compact Wheel Utility Large Storage Unit Device Improved Heat Sink Storage Large Storage Unit Processor Targeting Computer Hackware Hacking Suite Protection Hardened Medium Armor Plating Weapon Autogun Energy Gun Small Laser Energy Cannon Improved EM Pulse Cannon Ballistic Gun Autogun Ballistic Cannon Gauss Cannon Launcher EMP Blaster Special Weapon Remote Datajack Slashing Weapon Greatsword Build | -11 -10 -10 -9 -9 -9 -8 -8 -8 -7 -7 -7 -7 ------- Run | Scr Mat Min Mat Min Exi Min Mat Gar Fac Gar Sto Gar Slots Evolved 6 | . . . 2 . . . 2 . 2 . . . Power 1 | . . . . . . . . . 1 . . . Propulsion 1 | . . . . . . . 1 . . . . . Utility 4 | . . . 2 . . . 1 . 1 . . . Weapon . | . . . . . . . . . . . . . Parts Attached 198 | 6 4 12 37 . . 2 10 15 53 31 12 16 Power 21 | 1 . 1 5 . . . . 1 7 4 . 2 Engine 16 | 1 . . 5 . . . . 1 5 2 . 2 Core 5 | . . 1 . . . . . . 2 2 . . Reactor . | . . . . . . . . . . . . . Propulsion 53 | 2 . 3 13 . . . 4 7 12 10 1 1 Treads 36 | 2 . . 11 . . . 4 7 9 1 1 1 Leg 7 | . . . . . . . . . . 7 . . Wheel 10 | . . 3 2 . . . . . 3 2 . . Hover . | . . . . . . . . . . . . . Flight . | . . . . . . . . . . . . . Utility 52 | 1 2 1 11 . . . 3 2 15 7 6 4 Device 7 | . . . 1 . . . 1 . 2 3 . . Storage 10 | 1 1 . 5 . . . . . 1 . 2 . Processor 2 | . 1 . 1 . . . . . . . . . Hackware 9 | . . . . . . . . . 4 . 3 2 Protection 24 | . . 1 4 . . . 2 2 8 4 1 2 Artifact . | . . . . . . . . . . . . . Weapon 72 | 2 2 7 8 . . 2 3 5 19 10 5 9 Energy Gun 3 | 1 . 1 . . . . . . . 1 . . Energy Cannon 8 | . . . . . . . . . 1 2 2 3 Ballistic Gun 35 | 1 2 4 8 . . 1 2 4 9 2 2 . Ballistic Cannon 4 | . . . . . . . . . 2 2 . . Launcher 10 | . . 2 . . . 1 1 1 2 1 . 2 Special Weapon 9 | . . . . . . . . . 3 1 1 4 Impact Weapon . | . . . . . . . . . . . . . Slashing Weapon 3 | . . . . . . . . . 2 1 . . Piercing Weapon . | . . . . . . . . . . . . . Special Melee Weapon . | . . . . . . . . . . . . . Unidentified Prototypes 1 | . . . . . . . . . 1 . . . Parts Lost 47 | . . 6 6 . . . 1 4 8 17 1 4 Power 9 | . . . . . . . . 1 3 4 . 1 Propulsion 15 | . . 3 2 . . . . 1 3 5 . 1 Utility 12 | . . 1 3 . . . 1 2 1 4 . . Weapon 11 | . . 2 1 . . . . . 1 4 1 2 Highest Loss Streak 8 | . . 3 2 . . . 1 1 3 8 1 3 Average Slot Usage (%) 95 | . 98 95 93 100 100 100 99 96 93 93 99 94 Engine 8 | . 14 4 10 11 11 11 9 8 5 6 7 8 Core 1 | . . 9 . . . . . . 3 5 7 4 Treads 17 | . 28 1 17 22 22 22 27 26 16 3 7 5 Leg 1 | . . . . . . . . . . 14 . . Wheel 3 | . . 23 4 . . . . . 5 3 15 15 Device 2 | . . . 1 . . . 9 . 2 7 . . Storage 25 | . 14 14 26 33 33 33 27 27 23 23 23 23 Processor 1 | . 12 1 1 . . . . . . . . . Hackware 3 | . . . . . . . . . 10 3 15 13 Protection 9 | . . 10 7 11 11 11 8 14 8 10 6 6 Ballistic Gun 16 | . 21 24 22 22 22 21 17 17 11 1 2 . Naked Turns . | . . . . . . . . . . . . . Heaviest Build 118 | 11 25 30 69 65 65 65 72 75 109 102 100 118 Greatest Support 68 | 40 40 40 43 43 43 43 63 63 68 30 24 24 Greatest Overweight (x) 9 | . . 1 6 1 1 1 1 1 7 9 4 4 Average Overweight (x) 1 | . . . 1 1 1 1 1 1 4 3 3 3 Largest Inventory Capacity 24 | 6 10 10 22 22 22 22 22 22 24 24 24 24 Average Capacity 20 | 5 8 10 18 22 22 22 22 22 22 24 24 24 Most Carried 24 | 4 10 10 22 22 22 22 22 22 24 24 24 24 Average Carried 19 | 2 7 9 17 22 21 22 21 21 21 22 23 22 Final Capacity 24 | 6 10 10 22 22 22 22 22 22 24 24 24 24 Final Carried 24 | 4 10 10 22 22 22 22 22 22 22 24 24 22 Class Distribution -------------------- 57% | Hauler-Mutant 21% | Scavenger-Mutant 15% | Mutant 6% | Bothacker-Mutant Dominant Class ---------------- Mutant | -10/Materials Mutant | -10/Mines Hauler-Mutant | -9/Materials Hauler-Mutant | -9/Mines Hauler-Mutant | -9/Exiles Hauler-Mutant | -8/Mines Hauler-Mutant | -8/Materials Hauler-Mutant | -8/Garrison Scavenger-Mutant | -7/Factory Scavenger-Mutant | -7/Garrison Bothacker-Mutant | -7/Storage Bothacker-Mutant | -7/Garrison Resources | -11 -10 -10 -9 -9 -9 -8 -8 -8 -7 -7 -7 -7 ----------- Run | Scr Mat Min Mat Min Exi Min Mat Gar Fac Gar Sto Gar Matter Collected 6320 | 265 81 301 1780 74 . 61 545 557 1541 655 227 233 Remotely . | . . . . . . . . . . . . . Salvage Created 8264 | 95 260 488 2206 206 . 163 964 560 1833 1181 236 72 Parts 436 | 10 21 27 127 11 . 6 69 30 81 35 14 5 Haulers Intercepted 11 | . . . 6 . . . 4 . 1 . . . Recyclers Shooed 14 | 1 3 3 . 1 . . 2 . 4 . . . Parts Field Recycled . | . . . . . . . . . . . . . Retrieved Matter . | . . . . . . . . . . . . . Parts Self-Destructed . | . . . . . . . . . . . . . Prevented . | . . . . . . . . . . . . . Kills | -11 -10 -10 -9 -9 -9 -8 -8 -8 -7 -7 -7 -7 ------- Run | Scr Mat Min Mat Min Exi Min Mat Gar Fac Gar Sto Gar Combat Hostiles Destroyed 138 | . 5 13 37 2 . 2 14 15 26 18 3 3 Guns 93 | . 5 6 37 2 . . 10 13 19 1 . . Cannons 15 | . . . . . . . . . 2 10 3 . AOE 24 | . . 7 . . . 2 4 2 3 4 . 2 Classes Destroyed 16 | 2 3 4 3 . . 1 . . 3 . . . Worker 3 | . . 1 . 1 . . 1 . . . . . Builder 10 | . . 1 4 1 . . 2 . . . 2 . Tunneler 6 | 2 1 1 1 . . . 1 . . . . . Hauler 11 | . . . 6 . . . 4 . 1 . . . Recycler 21 | 1 1 3 4 2 . 1 2 . 6 . 1 . Operator 5 | . . . 4 . . . 1 . . . . . Watcher 8 | . 1 . 3 . . . 3 . 1 . . . Swarmer 25 | . 3 . 8 1 . . 6 5 . . . 2 Grunt 63 | . 2 2 20 1 . 1 5 5 12 14 1 . Brawler 2 | . . . . . . 1 1 . . . . . Duelist 4 | . . . . . . . . . 2 2 . . Sentry 25 | . . . 9 . . . 2 5 5 1 2 1 Demolisher 2 | . . 2 . . . . . . . . . . Hunter 2 | . . . . . . . . . 2 . . . Programmer 6 | . . . . . . . . . 5 1 . . Assembled 9 | . . 9 . . . . . . . . . . Best Kill Streak 7 | 3 3 7 7 2 . 3 6 5 5 5 4 2 Combat Bots Only 5 | . 3 5 4 1 . 2 4 5 5 5 1 2 Max Kills in Single Turn 3 | 1 1 3 2 1 . 2 3 1 2 2 1 1 Gunslinging 1 | . . . 1 . . . . . . . . . Exploded 3 | . . 2 . . . 2 3 1 2 2 . 1 Melee . | . . . . . . . . . . . . . Uniques/NPCs Destroyed . | . . . . . . . . . . . . . Combat | -11 -10 -10 -9 -9 -9 -8 -8 -8 -7 -7 -7 -7 -------- Run | Scr Mat Min Mat Min Exi Min Mat Gar Fac Gar Sto Gar Damage Taken 11565 | . 121 1014 1816 173 . 31 531 1319 3663 1946 304 647 Core 1288 | . 28 167 245 12 . . 40 79 419 141 72 85 Absorbed by Shields 509 | . . . . . . . 209 24 . 276 . . Core Remaining (%) 58 | 100 . 22 . . . 35 . 78 . . . . Volleys Fired 653 | 5 26 36 188 11 . 5 70 53 151 65 26 17 Largest 2 | 2 2 2 2 2 . 2 2 2 2 2 2 2 Hottest 138 | 60 60 68 46 46 . 46 46 56 117 138 130 130 Shots Fired 1205 | 10 52 66 375 22 . 8 136 103 275 105 30 23 Gun 1017 | 10 52 60 375 22 . 6 132 100 224 34 2 . Cannon 128 | . . . . . . . . . 34 65 17 12 Launcher 33 | . . 6 . . . 2 4 3 8 6 . 4 Special 27 | . . . . . . . . . 9 . 11 7 Kinetic 1039 | 5 45 49 375 22 . 6 132 100 251 39 15 . Thermal 28 | 5 7 . . . . . . . . . 4 12 Explosive 18 | . . 6 . . . 2 4 3 . . . 3 Electromagnetic 93 | . . 11 . . . . . . 15 66 . 1 Robot Hit Streak 21 | 2 11 8 17 7 . 5 15 18 21 19 4 10 Robot Miss Streak 6 | 1 2 5 4 2 . 1 4 2 6 2 2 1 Penetration Max 1 | . . . . . . . . 1 . . 1 . Secondary Targets 12 | . . 1 2 1 . . 1 3 4 . . . Max Gunslinging Chain 1 | . . 1 1 1 . . 1 1 1 . . . Shots Hit Robots 829 | 5 37 40 251 14 . 6 79 79 212 70 19 17 Core Hits 337 | 4 14 34 87 7 . 6 43 25 71 33 8 5 Critical Hits 13 | . . 2 2 1 . . 1 . 1 3 3 . Critical Kills 5 | . . 2 . . . . . . . 1 2 . Critical Parts Destroyed 7 | . . . 1 1 . . 1 . 1 2 1 . Melee Attacks 7 | . . . . . . . . . 5 2 . . Impact . | . . . . . . . . . . . . . Slashing 7 | . . . . . . . . . 5 2 . . Piercing . | . . . . . . . . . . . . . Sneak Attacks . | . . . . . . . . . . . . . Combat Hostiles . | . . . . . . . . . . . . . Follow-up Attacks . | . . . . . . . . . . . . . Damage Inflicted 17713 | 50 411 1217 4001 257 . 366 1866 1605 4737 2277 416 510 Guns 11643 | 50 411 498 3777 200 . 83 1387 1375 3397 430 35 . Cannons 2377 | . . . . . . . . . 519 1206 381 271 Explosions 3400 | . . 719 224 . . 283 479 230 821 405 . 239 Melee 231 | . . . . . . . . . . 231 . . Ramming 62 | . . . . 57 . . . . . 5 . . Kinetic 12179 | 26 354 354 3777 200 . 83 1387 1375 3703 560 360 . Thermal 1163 | 24 57 149 . . . . . . 397 209 56 271 Explosive 2000 | . . 570 224 . . 283 479 230 . . . 214 Electromagnetic 2078 | . . 144 . . . . . . 637 1272 . 25 Impact . | . . . . . . . . . . . . . Slashing 231 | . . . . . . . . . . 231 . . Piercing . | . . . . . . . . . . . . . Highest Corruption 11 | . . 3 . . . . . . 6 11 11 11 Average Corruption 6 | . . 3 . . . . . . 4 7 11 11 Corruption Purged . | . . . . . . . . . . . . . Effects 129 | . . 2 . . . . . . 48 49 21 9 Message Errors 23 | . . . . . . . . . 5 8 6 4 Matter Fused 29 | . . 2 . . . . . . 13 12 2 . Heat Flow Errors 11 | . . . . . . . . . 5 4 1 1 Energy Discharges 16 | . . . . . . . . . 10 5 . 1 Parts Rejected 2 | . . . . . . . . . . 1 . 1 Data Loss (minor) 4 | . . . . . . . . . 1 2 . 1 Data Loss (major) 4 | . . . . . . . . . 3 1 . . Misfires 8 | . . . . . . . . . 3 4 1 . Alerts 1 | . . . . . . . . . . 1 . . Misdirections 6 | . . . . . . . . . . 2 4 . Targeting Errors 23 | . . . . . . . . . 8 8 6 1 Weapon Failures 2 | . . . . . . . . . . 1 1 . Overload Shots . | . . . . . . . . . . . . . Overflow Damage 357 | . . 59 102 . . 3 53 3 29 49 . 59 Projectiles 46 | . . . . . . . . . 15 31 . . Explosions 311 | . . 59 102 . . 3 53 3 14 18 . 59 Melee . | . . . . . . . . . . . . . Knockbacks 8 | . . . . . . . . . 4 1 3 . Impact . | . . . . . . . . . . . . . Kinetic 8 | . . . . . . . . . 4 1 3 . Secondary . | . . . . . . . . . . . . . Self-Inflicted Damage 409 | . . 118 53 . . . . 14 85 100 . 39 Shots 10 | . . 3 1 . . . . 1 1 3 . 1 Rammed 7 | . . . . 6 . . . . . 1 . . Targets Rammed 9 | . . . . 7 . . 1 . . 1 . . Kicked . | . . . . . . . . . . . . . Crushed 2 | . . . . 1 . . 1 . . . . . Highest Temperature 491 | 20 58 42 77 8 . 2 10 143 491 223 200 459 Average Temperature 72 | 13 10 11 8 2 . 1 4 64 124 84 55 157 Received Heat Transfer 3563 | . 42 105 642 15 . 18 174 456 927 860 132 192 Effects 11 | . . . . . . . . . 9 . . 2 Shutdowns 3 | . . . . . . . . . 2 . . 1 Energy Bleed 2 | . . . . . . . . . 2 . . . Interference 5 | . . . . . . . . . 4 . . 1 Damage (minor) 1 | . . . . . . . . . 1 . . . Siege Activations . | . . . . . . . . . . . . . Robots Corrupted 5 | . . . . . . . . . 2 3 . . Combat Hostiles 5 | . . . . . . . . . 2 3 . . Parts Fried 15 | . . 1 . . . . . . 2 12 . . Impact Corruptions 1 | . . . . 1 . . . . . . . . Robots Melted 1 | . . . . . . . . . . . . 1 Combat Hostiles 1 | . . . . . . . . . . . . 1 Parts Melted 4 | . . . 1 . . . . . . . . 3 Heat Transferred 1169 | 50 125 150 . . . . . . 200 200 74 370 Parts Sabotaged . | . . . . . . . . . . . . . Parts Stolen . | . . . . . . . . . . . . . Parts Stripped . | . . . . . . . . . . . . . Power Chain Reactions 4 | . . 1 . . . . . . . 3 . . Missiles Intercepted . | . . . . . . . . . . . . . Alert | -11 -10 -10 -9 -9 -9 -8 -8 -8 -7 -7 -7 -7 ------- Run | Scr Mat Min Mat Min Exi Min Mat Gar Fac Gar Sto Gar Peak Influence 890 | 15 149 110 845 471 . 84 353 890 851 821 536 474 Initial 466 | . 9 30 . 310 . . 32 229 466 406 399 348 Average 427 | 6 50 72 508 253 . 23 206 696 535 626 378 406 Maximum Alert Level 3 | . . . 3 2 . . 1 3 3 3 2 2 Low Security (%) 24 | 100 100 100 15 39 . 100 43 . . . . . Level 1 18 | . . . 8 52 . . 56 7 18 1 57 52 Level 2 41 | . . . 54 7 . . . 50 75 53 42 47 Level 3 14 | . . . 21 . . . . 41 5 45 . . Level 4 . | . . . . . . . . . . . . . Level 5 . | . . . . . . . . . . . . . High Security . | . . . . . . . . . . . . . Max Security . | . . . . . . . . . . . . . Squads Dispatched 27 | . 4 . 6 . . . 1 . 14 . 2 . Investigation 8 | . 2 . 2 . . . . . 3 . 1 . Extermination 4 | . . . . . . . . . 4 . . . Reinforcement 11 | . 2 . 4 . . . 1 . 3 . 1 . Assault 1 | . . . . . . . . . 1 . . . Garrison 3 | . . . . . . . . . 3 . . . Intercept . | . . . . . . . . . . . . . Construction Impeded 3 | . . . . . . . 1 . 2 . . . Haulers Reinforced . | . . . . . . . . . . . . . Stealth | -11 -10 -10 -9 -9 -9 -8 -8 -8 -7 -7 -7 -7 --------- Run | Scr Mat Min Mat Min Exi Min Mat Gar Fac Gar Sto Gar Distress Signals 5 | . . . 2 . . . 1 . 2 . . . Communications Jammed 1 | . . . . . . . . . . . 1 . Distress Signals . | . . . . . . . . . . . . . Times Spotted 233 | . 12 13 60 8 . 3 19 19 52 25 9 13 Peak Tracking Total 6 | . 3 5 5 3 . 3 5 6 5 6 3 6 Tactical Retreats 25 | . . . 6 . . 1 2 5 4 5 1 1 Traps | -11 -10 -10 -9 -9 -9 -8 -8 -8 -7 -7 -7 -7 ------- Run | Scr Mat Min Mat Min Exi Min Mat Gar Fac Gar Sto Gar Traps Triggered 17 | . . . 1 . . . . 4 1 11 . . Indirectly . | . . . . . . . . . . . . . Trap Hack Attempts . | . . . . . . . . . . . . . Triggered . | . . . . . . . . . . . . . Disarmed . | . . . . . . . . . . . . . Reprogrammed . | . . . . . . . . . . . . . Reused . | . . . . . . . . . . . . . Traps Extracted . | . . . . . . . . . . . . . Installed . | . . . . . . . . . . . . . Triggered . | . . . . . . . . . . . . . Machines | -11 -10 -10 -9 -9 -9 -8 -8 -8 -7 -7 -7 -7 ---------- Run | Scr Mat Min Mat Min Exi Min Mat Gar Fac Gar Sto Gar Machines Disabled 11 | . . . 3 . . . 2 1 3 2 . . Max in Single Turn 2 | . . . 2 . . . 1 1 2 1 . . Garrison Access 1 | . . . . . . . . . 1 . . . Garrison Relay 3 | . . . . . . . . 1 . 2 . . Machines Sabotaged . | . . . . . . . . . . . . . Garrisons Compromised . | . . . . . . . . . . . . . Overloaded Fab Kills . | . . . . . . . . . . . . . Fab Network Shutdowns . | . . . . . . . . . . . . . Hacking | -11 -10 -10 -9 -9 -9 -8 -8 -8 -7 -7 -7 -7 --------- Run | Scr Mat Min Mat Min Exi Min Mat Gar Fac Gar Sto Gar Machines Accessed 32 | . 3 . 10 . 1 . 4 . 11 . 3 . Terminals 14 | . 1 . 6 . . . 3 . 2 . 2 . Fabricators 1 | . . . . . . . . . 1 . . . Repair Stations 4 | . . . 1 . . . . . 3 . . . Recycling Units 5 | . 2 . 2 . . . . . 1 . . . Scanalyzers 3 | . . . 1 . . . . . 2 . . . Garrison Access 4 | . . . . . . . 1 . 2 . 1 . Total Hacks 102 | . 9 . 37 . 4 . 15 . 29 . 8 . Successful 66 | . 5 . 24 . 4 . 7 . 22 . 4 . Failed 35 | . 3 . 13 . . . 8 . 7 . 4 . Catastrophic 4 | . . . 3 . . . . . . . 1 . Database Lockouts 1 | . 1 . . . . . . . . . . . Manual 35 | . 6 . 15 . . . 11 . 2 . 1 . Terminals 53 | . 7 . 24 . . . 12 . 4 . 6 . Fabricators 3 | . . . . . . . . . 3 . . . Repair Stations 14 | . . . 4 . . . . . 10 . . . Recycling Units 9 | . 2 . 5 . . . . . 2 . . . Scanalyzers 10 | . . . 4 . . . . . 6 . . . Garrison Access 9 | . . . . . . . 3 . 4 . 2 . Terminal Hacks 20 | . 2 . 9 . 4 . 2 . 1 . 2 . Record 4 | . . . . . 4 . . . . . . . Part Schematic 2 | . 1 . . . . . . . 1 . . . Robot Schematic 1 | . . . 1 . . . . . . . . . Robot Analysis 1 | . . . 1 . . . . . . . . . Prototype ID Bank 3 | . 1 . 1 . . . 1 . . . . . Branch Access Points 1 | . . . 1 . . . . . . . . . Terminal Index 1 | . . . 1 . . . . . . . . . Locate Traps 2 | . . . 1 . . . 1 . . . . . Hauler Manifests 1 | . . . . . . . . . . . 1 . Zone Layout 4 | . . . 3 . . . . . . . 1 . Fabricator Hacks 1 | . . . . . . . . . 1 . . . Load Schematic 1 | . . . . . . . . . 1 . . . Repair Station Hacks 12 | . . . 4 . . . . . 8 . . . Scan Component 6 | . . . 2 . . . . . 4 . . . Repair 6 | . . . 2 . . . . . 4 . . . Recycling Unit Hacks 4 | . . . 3 . . . . . 1 . . . Process 1 | . . . 1 . . . . . . . . . Retrieve Matter 1 | . . . 1 . . . . . . . . . Retrieve Components 2 | . . . 1 . . . . . 1 . . . Scanalyzer 10 | . . . 4 . . . . . 6 . . . Insert Component 5 | . . . 2 . . . . . 3 . . . Analyze 5 | . . . 2 . . . . . 3 . . . Garrison Access Hacks 5 | . . . . . . . 1 . 3 . 1 . Unlock Access 3 | . . . . . . . 1 . 1 . 1 . Seal Access 1 | . . . . . . . . . 1 . . . Coupler Status 1 | . . . . . . . . . 1 . . . Unauthorized Hacks 14 | . 3 . 4 . . . 4 . 2 . 1 . Terminals 7 | . 1 . 2 . . . 4 . . . . . Track 3 | . 1 . 1 . . . 1 . . . . . Botnet 3 | . . . 1 . . . 2 . . . . . Operators 1 | . . . . . . . 1 . . . . . Fabricators . | . . . . . . . . . . . . . Repair Stations . | . . . . . . . . . . . . . Recycling Units 5 | . 2 . 2 . . . . . 1 . . . Tunnel 5 | . 2 . 2 . . . . . 1 . . . Scanalyzers . | . . . . . . . . . . . . . Garrison Access 2 | . . . . . . . . . 1 . 1 . Eject 2 | . . . . . . . . . 1 . 1 . Data Cores Recovered 1 | . . . . . . . 1 . . . . . Used 1 | . . . . . . . 1 . . . . . Hacking Detections 23 | . . . 8 . . . 4 . 9 . 2 . Full Trace Events . | . . . . . . . . . . . . . Feedback Events . | . . . . . . . . . . . . . Feedback Blocked . | . . . . . . . . . . . . . Robot Schematics Acquired 1 | . . . 1 . . . . . . . . . Robots Built . | . . . . . . . . . . . . . Matter . | . . . . . . . . . . . . . Time . | . . . . . . . . . . . . . Total Robot Build Rating . | . . . . . . . . . . . . . Part Schematics Acquired 7 | . 1 . 2 . . . . . 4 . . . Parts Built . | . . . . . . . . . . . . . Matter . | . . . . . . . . . . . . . Time . | . . . . . . . . . . . . . Total Part Build Rating . | . . . . . . . . . . . . . Parts Repaired 6 | . . . 2 . . . . . 4 . . . Time 182 | . . . 83 . . . . . 99 . . . Parts Recycled . | . . . . . . . . . . . . . Recycled Matter 211 | . . . 211 . . . . . . . . . Retrieved Matter 432 | . . . 432 . . . . . . . . . Retrieved Components 6 | . . . 3 . . . . . 3 . . . Parts Scanalyzed 5 | . . . 2 . . . . . 3 . . . Part Schematics Acquired 5 | . . . 2 . . . . . 3 . . . Parts Damaged . | . . . . . . . . . . . . . Bothacking | -11 -10 -10 -9 -9 -9 -8 -8 -8 -7 -7 -7 -7 ------------ Run | Scr Mat Min Mat Min Exi Min Mat Gar Fac Gar Sto Gar Used RIF Installer 3 | . . . . . . . . 1 . 1 . 1 Signal Jammer 1 | . . . . . . . . . . 1 . . Program Shield 1 | . . . . . . . . . . . . 1 Robots Hacked 12 | . . . . . . . . . 2 . 6 4 Non-combat 4 | . . . . . . . . . 1 . 3 . Combat 8 | . . . . . . . . . 1 . 3 4 Robot Hacks Applied 16 | . . . . . . . . . 5 . 7 4 drop_inventory 2 | . . . . . . . . . . . 2 . purge_threat 3 | . . . . . . . . . 2 . 1 . find_garrison 2 | . . . . . . . . . 1 . 1 . reboot_system 2 | . . . . . . . . . . . 2 . overwrite_iff 2 | . . . . . . . . . . . . 2 streamctrl_high 1 | . . . . . . . . . . . . 1 formatsys_low 1 | . . . . . . . . . 1 . . . formatsys_high 3 | . . . . . . . . . 1 . 1 1 Relay Couplers Released 21 | . . . . . . . . 5 5 8 3 . Ejected 7 | . . . . . . . . . 4 . 3 . Machine Destruction 14 | . . . . . . . . 5 1 8 . . Attached 7 | . . . . . . . . . 2 . 3 2 Robots Rewired . | . . . . . . . . . . . . . Allies Hacked . | . . . . . . . . . . . . . Hacks Repelled . | . . . . . . . . . . . . . Allies | -11 -10 -10 -9 -9 -9 -8 -8 -8 -7 -7 -7 -7 -------- Run | Scr Mat Min Mat Min Exi Min Mat Gar Fac Gar Sto Gar Total Allies 10 | . . . . 3 . . . . 2 . 1 4 Largest Group 3 | . . . . 3 2 . . . 1 . 1 3 Highest-Rated Group 96 | . . . . 76 45 . . . 32 . 32 96 Highest-Rated Ally 32 | . . . . 31 31 . . . 32 . 32 32 Total Orders . | . . . . . . . . . . . . . Ally Attacks 37 | . . . . 10 . . . . 3 . 3 21 Total Damage 1003 | . . . . 189 . . . . 156 . 156 502 Kills 10 | . . . . 6 . . . . 1 . . 3 Allies Corrupted . | . . . . . . . . . . . . . Allies Melted . | . . . . . . . . . . . . . Intel | -11 -10 -10 -9 -9 -9 -8 -8 -8 -7 -7 -7 -7 ------- Run | Scr Mat Min Mat Min Exi Min Mat Gar Fac Gar Sto Gar Robot Analysis Total 1 | . . . 1 . . . . . . . . . Derelict Logs Recovered 2 | . . . . 2 . . . . . . . . Drone Launches . | . . . . . . . . . . . . . Drone Recoveries . | . . . . . . . . . . . . . Exploration | -11 -10 -10 -9 -9 -9 -8 -8 -8 -7 -7 -7 -7 ------------- Run | Scr Mat Min Mat Min Exi Min Mat Gar Fac Gar Sto Gar Turns Passed 12452 | 108 538 497 2750 1323 384 646 674 1372 2546 1122 251 241 Spaces Moved 6024 | 51 271 359 1277 699 213 351 247 640 1199 460 126 131 Core 3 | 3 . . . . . . . . . . . . Treads 3693 | 48 271 19 912 699 213 351 247 640 293 . . . Legs 266 | . . . . . . . . . . 266 . . Wheels 2062 | . . 340 365 . . . . . 906 194 126 131 Hover . | . . . . . . . . . . . . . Flight . | . . . . . . . . . . . . . Fastest Speed 50 | 50 160 100 100 180 180 180 180 180 140 120 120 120 Average Speed 162 | 153 160 103 159 180 180 180 180 180 155 178 122 126 Slowest Speed 390 | 160 160 160 200 180 180 180 180 180 180 390 130 130 Overloaded Moves . | . . . . . . . . . . . . . Propulsion Burnouts . | . . . . . . . . . . . . . Robots Hopped . | . . . . . . . . . . . . . Cave-ins Triggered . | . . . . . . . . . . . . . Exploration Rate (%) 50 | 3 51 51 93 99 57 81 29 48 28 56 24 42 Regions Visited 12 Branch Regions 5 Pre-discovered Areas 6 | . 2 . 2 . 1 . . . 1 . . . Known Exits Taken 4 | . . . 1 . . . 1 . 1 . 1 . Unknown Exits Taken 6 | 1 1 1 . 1 1 1 . . . . . . Scrap Searched 2 | . . . . 1 . 1 . . . . . . Spaces Dug 10 | . . . . . . . . . 5 . . 5 Terrain Destroyed 197 | . . 37 19 . . 19 17 30 55 5 7 8 Melee 2 | . . . . . . . . . 2 . . . Projectile 18 | . . . . . . . . 2 9 . 7 . AOE 177 | . . 37 19 . . 19 17 28 44 5 . 8 Terrain Rammed . | . . . . . . . . . . . . . Walls Destroyed . | . . . . . . . . . . . . . Machines Disabled . | . . . . . . . . . . . . . Actions | -11 -10 -10 -9 -9 -9 -8 -8 -8 -7 -7 -7 -7 --------- Run | Scr Mat Min Mat Min Exi Min Mat Gar Fac Gar Sto Gar Total 7579 | 69 332 415 1687 740 216 357 357 768 1614 648 197 179 Wait 406 | 3 13 2 120 20 . . 15 37 155 6 23 12 Move 6010 | 50 270 358 1276 698 212 350 246 638 1198 458 125 131 Hop . | . . . . . . . . . . . . . Pick Up 106 | 5 11 4 30 2 2 . 7 5 21 14 3 2 Fast Attach 69 | 5 2 4 17 . . . . 3 17 15 2 4 Attach 43 | 1 . 4 7 . . . 4 3 9 11 2 2 Detach 2 | . . . 1 . . . . 1 . . . . Swap 86 | . 2 4 13 . . 2 6 9 27 5 8 10 Drop 118 | . 8 3 35 2 2 . 8 11 31 10 7 1 Fire 653 | 5 26 36 188 11 . 5 70 53 151 65 26 17 Melee 7 | . . . . . . . . . 5 2 . . Ram 1 | . . . . . . . . . . . 1 . Kick 1 | . . . . . . . . . . 1 . . Crush 8 | . . . . 7 . . 1 . . . . . Escape Stasis 69 | . . . . . . . . 8 . 61 . . Rewire . | . . . . . . . . . . . . . Trap . | . . . . . . . . . . . . . Miscellaneous . | . . . . . . . . . . . . . Route ------- -11/Scrapyard -10/Materials (discovered 2 exits: *Mat / [*Min]) -10/Mines (discovered 2 exits: *Mat x2) -9/Materials (discovered 4 exits: *Mat x3 / *Min) -9/Mines (discovered 4 exits: *Mat x2 / *Exi / [*Zio]) -9/Exiles -8/Mines (discovered 2 exits: *Mat x2) -8/Materials (discovered 2 exits: Fac / Gar) -8/Garrison -7/Factory (discovered 4 exits: [*Fac x2] / *Sto / Gar) -7/Garrison (discovered 2 exits: *Sto x2) -7/Storage -7/Garrison (discovered 1 exit: [*Rec]) History --------- Turn | Location | Event 4 | -11/Scrapyard | Discovered new exit (range 15) 109 | -11/Scrapyard | Entered Materials 322 | -10/Materials | Build established: Mutant 406 | -10/Materials | Discovered new exit (range 8) 428 | -10/Materials | Central database locked down 626 | -10/Materials | Discovered new exit (range 10) 647 | -10/Materials | Entered Mines 671 | -10/Mines | Assembled infested the area 676 | -10/Mines | Assisted by a Guerilla fighting off Assembled 695 | -10/Mines | Discovered new exit (range 12) 715 | -10/Mines | Lost 3 parts (2n1w) 736 | -10/Mines | Core integrity fell below 50% 996 | -10/Mines | Discovered new exit (range 11) 1144 | -10/Mines | Entered Materials 1144 | -9/Materials | Evolved 2 slots: Utility x2 1831 | -9/Materials | Build established: Scavenger-Mutant 2084 | -9/Materials | Identified exit to Mines 2084 | -9/Materials | Discovered new exit (range 15) 2139 | -9/Materials | Core integrity fell below 50% 2368 | -9/Materials | Build established: Mutant 2692 | -9/Materials | Build established: Hauler-Mutant 2946 | -9/Materials | Discovered new exit (range 10) 3529 | -9/Materials | Discovered new exit (range 11) 3593 | -9/Materials | Repaired Cld. Ion Engine 3626 | -9/Materials | Repaired Imp. Treads 3894 | -9/Materials | Entered Mines 3916 | -9/Mines | Found a damaged Exp. Sensor Array with a note attached 3938 | -9/Mines | Found Prototype Device 4239 | -9/Mines | Deemed a non-threat by the Exiles lab entrance 4239 | -9/Mines | Discovered new exit (range 5) 4437 | -9/Mines | A Derelict revealed a hidden shortcut to a safe place 4503 | -9/Mines | A weapon hastily lodged in a ceiling crevice suddenly fell to the ground 4585 | -9/Mines | Learned 4 Materials zone layouts 4614 | -9/Mines | Found a hidden stash of uninstalled traps 4868 | -9/Mines | Discovered new exit (range 5) 4871 | -9/Mines | Received a Mining Laser from a helpful Derelict 4938 | -9/Mines | Discovered new exit (range 10) 5217 | -9/Mines | Entered Exiles 5217 | -9/Exiles | Accompanied by 2 allies 5247 | -9/Exiles | Led the pair of lost Derelicts to a safe place 5284 | -9/Exiles | Met 8R-AWN 5314 | -9/Exiles | Met EX-HEX 5386 | -9/Exiles | Met EX-DEC 5394 | -9/Exiles | Learned location of Zion (-7) 5579 | -9/Exiles | Discovered new exit (range 14) 5601 | -9/Exiles | Entered Mines 6085 | -8/Mines | Discovered new exit (range 16) 6166 | -8/Mines | Discovered new exit (range 6) 6247 | -8/Mines | Entered Materials 6247 | -8/Materials | Evolved 2 slots: Propulsion x1, Utility x1 6248 | -8/Materials | Identified exit to Factory 6916 | -8/Materials | Identified exit to Garrison 6921 | -8/Materials | Entered Garrison 6990 | -8/Garrison | Triggered checkpoint 7054 | -8/Garrison | Triggered checkpoint 7207 | -8/Garrison | Discovered exit to Factory (range 10) 7234 | -8/Garrison | Installed Relay Interface Framework 7324 | -8/Garrison | Triggered checkpoint 7700 | -8/Garrison | Triggered checkpoint 7723 | -8/Garrison | Garrison Relay disabled 8293 | -8/Garrison | Entered Factory 8293 | -7/Factory | Evolved 2 slots: Power x1, Utility x1 8294 | -7/Factory | Identified exit to Storage 8348 | -7/Factory | Repaired Hrd. Medium Armor Plating 8375 | -7/Factory | Repaired Lgt. Treads 8695 | -7/Factory | Repaired Hrd. Medium Armor Plating 8897 | -7/Factory | Discovered new exit (range 15) 9507 | -7/Factory | Repaired Arm. Wheel 9600 | -7/Factory | Discovered new exit (range 3) 9694 | -7/Factory | Lost 3 parts (2p1n) 9817 | -7/Factory | Lost 3 parts (2n1u) 9936 | -7/Factory | Identified Exp. Sensor Array 10087 | -7/Factory | Build established: Scavenger-Mutant 10293 | -7/Factory | First assault squad dispatched 10515 | -7/Factory | Garrison activated, responded to threat 10536 | -7/Factory | Core integrity fell below 50% 10838 | -7/Factory | Identified exit to Garrison 10839 | -7/Factory | Entered Garrison 10940 | -7/Garrison | Triggered checkpoint 10995 | -7/Garrison | Lost 4 parts (2p1n1u) 11138 | -7/Garrison | Triggered checkpoint 11206 | -7/Garrison | Discovered exit to Storage (range 8) 11270 | -7/Garrison | Triggered checkpoint 11313 | -7/Garrison | Lost 3 parts (1n1u1w) 11316 | -7/Garrison | Garrison Relay disabled 11426 | -7/Garrison | Triggered checkpoint 11531 | -7/Garrison | Discovered exit to Storage (range 8) 11560 | -7/Garrison | Expanded RIF knowledge: Signal Jamming 11628 | -7/Garrison | Triggered checkpoint 11663 | -7/Garrison | System corruption reached 10% 11715 | -7/Garrison | Lost 8 parts (2p3n1u2w) 11773 | -7/Garrison | Garrison Relay disabled 11961 | -7/Garrison | Entered Storage 12016 | -7/Storage | Core integrity fell below 20% 12095 | -7/Storage | Build established: Bothacker-Mutant 12208 | -7/Storage | Identified exit to Garrison 12212 | -7/Storage | Entered Garrison 12212 | -7/Garrison | Accompanied by 1 ally 12219 | -7/Garrison | Expanded RIF knowledge: Program Shield 12302 | -7/Garrison | Triggered checkpoint 12303 | -7/Garrison | Triggered checkpoint 12315 | -7/Garrison | Triggered checkpoint 12362 | -7/Garrison | Lost 3 parts (1p1n1w) 12441 | -7/Garrison | Discovered new exit (range 11) 12453 | -7/Garrison | Destroyed by G-47 Trooper with Particle Gun Last Messages --------------- 12353_ Destroyed Lgt. Nuclear Core. 12357_ S-27 Virus destroyed. 12364_ Acquired Lgt. Treads. 12365_ Acquired 47 matter. 12367_ Acquired 61 matter. 12369_ Acquired Imp. Deuterium Engine. 12375_ The unstable cave ceiling collapses. 12377_ Dropped Lgt. Nuclear Core. 12378_ Acquired Imp. Deuterium Engine. 12379_ Acquired 49 matter. 12382_ Acquired Imp. Light Armor Plating. 12384_ Acquired Lgt. Treads. 12391_ System corrupted: Heat flow error (+153). 12393_ Acquired 76 matter. 12405_ Discarded Relay Coupler [Grunt]. 12413_ MWL63B3PZMZRT